 Dungeon Crawl Stone Soup version 0.10.4 character file.

690 Johnny the Chiller (level 7, -1/55 HPs)
             Began as a Yellow Draconian Ice Elementalist on Sept 26, 2021.
             Slain by a gnoll
             ... wielding a +1,+0 flail of holy wrath
              (4 damage)
             ... on Level 4 of the Dungeon.
             The game lasted 00:11:14 (4592 turns).

Johnny the Chiller (DrIE)                           Turns: 4592, Time: 00:11:14

HP  -1/55        AC  8     Str 10      XL: 7   Next:  5%
MP   2/15        EV 12     Int 18      God:
Gold 155         SH  0     Dex 11      Spells:  2 memorised,  8 levels left

Res.Fire  : . . .   See Invis. : .   q - -1,+1 orc hand axe
Res.Cold  : . . .   Warding    : . . (armour unavailable)
Life Prot.: . . .   Conserve   : .   (no shield)
Res.Acid. : + + .   Res.Corr.  : .   (helmet restricted)
Res.Poison: .       Clarity    : .   (no cloak)
Res.Elec. : .       Spirit.Shd : .   w - +1 pair of elf gloves
Sust.Abil.: . .     Stasis     : .   (no boots)
Res.Mut.  : .       Ctrl.Telep.: .   (no amulet)
Res.Rott. : .       Levitation : .   (no ring)
Saprovore : . . .   Ctrl.Flight: +   (no ring)

@: slightly resistant to hostile enchantments, unstealthy
A: spit acid, acid resistance, unfitting armour
a: Spit Acid


You were on level 4 of the Dungeon.
You were near starving.

You visited 1 branch of the dungeon, and saw 4 of its levels.

You collected 135 gold pieces.

Inventory:

Hand weapons
 i - a cursed -2,+0 orcish dagger
 q - a -1,+1 orcish hand axe (weapon)
 r - a +0,+2 spear of returning (quivered)
Missiles
 A - a +0 dart
Armour
 w - a +1 pair of elven gloves (worn)
Comestibles
 c - 2 bread rations
 z - a meat ration
Scrolls
 a - a scroll of amnesia
 d - 3 scrolls of remove curse
 f - 4 scrolls of detect curse
 g - a scroll of curse weapon
 k - a scroll of enchant weapon I {unknown}
 m - 2 scrolls of teleportation {unknown}
 o - a scroll of curse armour {unknown}
 t - 2 scrolls of curse jewellery {unknown}
 u - 2 scrolls of enchant armour {unknown}
Potions
 e - 2 potions of curing
 h - 2 potions of heal wounds {unknown}
 j - a potion of speed {unknown}
 l - a potion of agility {unknown}
 p - a potion of might {unknown}
 s - a potion of degeneration {unknown}
 v - a potion of gain strength {unknown}
Books
 b - a book of Frost

   Spells                             Type                      Level
   *Freeze                            Ice                          1
   Throw Frost                        Conjuration/Ice              2
   Ozocubu's Armour                   Charms/Ice                   3
   *Throw Icicle                      Conjuration/Ice              4
   Summon Ice Beast                   Ice/Summoning                4
   Condensation Shield                Ice/Transmutation            4


   Skills:
 + Level 5.4 Fighting
 - Level 1.7 Dodging
 - Level 1.7 Stealth
 + Level 3.6 Spellcasting
 - Level 1.0 Conjurations
 * Level 6.0 Ice Magic


You had 8 spell levels left.
You knew the following spells:

 Your Spells              Type           Power        Failure   Level  Hunger
a - Freeze                Ice            #####        1%          1    None
b - Throw Icicle          Ice/Conj       ####.....    41%         4    Honeycomb

Dungeon Overview and Level Annotations

Branches:
Dungeon (4/27)
 Temple: D:4-7

Altars:
Nemelex Xobeh
Okawaru
Trog


Message History

The gnoll wields a runed flail.
It softly glows with a divine radiance!
The gnoll hits you with a flail of holy wrath!
* * * LOW HITPOINT WARNING * * *
You closely miss the gnoll.
You tail-slap the gnoll, but do no damage.
The gnoll closely misses you.
You barely miss the gnoll.
Your tail-slap misses the gnoll.
You feel yourself speed up.
The gnoll hits you with a flail of holy wrath!
* * * LOW HITPOINT WARNING * * *
The gnoll hits you but does no damage.
You closely miss the gnoll. The gnoll hits you but does no damage.
You completely miss the gnoll. The gnoll closely misses you.
You closely miss the gnoll.
The gnoll hits you with a flail of holy wrath.
* * * LOW HITPOINT WARNING * * *
You closely miss the gnoll. The gnoll closely misses you.
You closely miss the gnoll.
The gnoll hits you with a flail of holy wrath.
You die...

#.# #.# ##### #.# #...#
..#####.##########...#######
#...........................##
#.#####...############%......
#...# #.......
#.#####...############.###...
............g@..........# ####
#.#...#.######...#######
#...#...# ##...# .g........#
#....# ......<..# #...##
..g#...### #...# ## #####
#####


You could see a gnoll.

Vanquished Creatures
  Edmund (D:4)
  Sigmund (D:4)
  3 orc wizards (D:3)
  2 worker ants
  Terence (D:2)
  6 gnolls (D:4)
  6 adders
  A giant mite (D:2)
  A giant eyeball (D:4)
  2 giant geckos (D:3)
  An ooze (D:2)
  10 orcs
  11 bats
  4 giant cockroaches
  9 goblins
  8 hobgoblins
  2 jackals (D:3)
  3 quokkas
  2 ball pythons
  4 giant newts
  8 kobolds
  10 rats
96 creatures vanquished.

Vanquished Creatures (others)
  3 toadstools (D:3)
3 creatures vanquished.

Grand Total: 99 creatures vanquished

Notes
Turn   | Place    | Note
--------------------------------------------------------------
     0 | D:1      | Johnny, the Draconian Ice Elementalist, began the quest for the Orb.
     0 | D:1      | Reached XP level 1. HP: 14/14 MP: 3/3
   462 | D:1      | Reached skill level 1 in Fighting
   462 | D:1      | Reached XP level 2. HP: 15/20 MP: 1/4
  1145 | D:2      | Reached XP level 3. HP: 27/27 MP: 1/6
  1257 | D:2      | Noticed Terence
  1272 | D:2      | Killed Terence
  1341 | D:2      | Found a sparkling altar of Nemelex Xobeh.
  1353 | D:2      | Reached XP level 4. HP: 25/34 MP: 2/8
  1477 | D:2      | Reached skill level 4 in Ice Magic
  2656 | D:3      | Learned a level 4 spell: Throw Icicle
  2708 | D:3      | Reached XP level 5. HP: 10/40 MP: 5/10
  3463 | D:3      | Found an iron altar of Okawaru.
  3526 | D:3      | Found a bloodstained altar of Trog.
  4059 | D:3      | Reached skill level 5 in Ice Magic
  4118 | D:4      | Reached XP level 6. HP: 45/48 MP: 6/12
  4170 | D:4      | Reached skill level 5 in Fighting
  4299 | D:4      | Noticed Sigmund
  4307 | D:4      | Killed Sigmund
  4411 | D:4      | Paralysed by a giant eyeball for 3 turns
  4554 | D:4      | Noticed Edmund
  4584 | D:4      | Killed Edmund
  4584 | D:4      | Reached skill level 6 in Ice Magic
  4584 | D:4      | Your scales start taking on a golden yellow colour.
  4584 | D:4      | Reached XP level 7. HP: 19/55 MP: 1/15
  4592 | D:4      | Slain by a gnoll
